Map: Dragon Scales LE

Players

K.I.-1 (Leicht)

  • Race: Zerg Zerg
  • Spawn Location: 5:00

Dystopia - Winner!

  • Race: Protoss Protoss
  • League: Master
  • Spawn Location: 11:00

VOD

Have the link to the VOD?

Description

Time

  • Played on: April 20, 2023, 12:27 p.m.
  • Length: 8:53
Show
View Real Time Build Order
Export as new Build Order

K.I.-1 (Leicht) Zerg 

Build Orders: Pool First 

Get SALT Encoding   

  12  0:00  Drone  
  13  0:12  Overlord  
  13  0:16  Drone  
  14  0:30  Drone  
  14  0:35  Drone  
  16  0:43  Spawning Pool  
  16  0:45  Extractor  
  16  0:46  Drone  
  15  0:50  Drone  
  16  0:58  Overlord  
  16  1:30  Queen  
  16  1:31  Zergling x2  
  19  1:33  Roach Warren  
  19  1:35  Extractor  
  19  1:37  Drone  
  18  1:43  Drone  
  18  1:45  Zergling x2  
  20  2:07  Overlord  
  20  2:14  Roach  
  22  2:20  Drone  
  23  2:25  Drone  
  24  2:35  Drone  
  25  2:37  Roach  
  25  2:40  Drone  
  28  2:44  Drone  
  28  2:48  Drone  
  30  2:57  Overlord  
  30  3:08  Roach  
  32  5:34  Drone  
  32  5:35  Overlord, Lair, Roach  
  35  5:39  Drone  
  36  5:43  Drone  
  37  6:10  Zergling x2  
  30  6:28  Roach  
  30  6:32  Overseer x2  
  32  6:37  Hydralisk Den  
  31  6:45  Drone, Hatchery, Roach  
  33  7:02  Roach  
  35  7:18  Hydralisk  
  37  7:36  Hydralisk  
  39  7:55  Hydralisk  
  39  7:57  Drone  
  42  7:58  Overlord  
  42  8:01  Drone  
  42  8:06  Drone  
  42  8:09  Zergling x2  
  42  8:10  Drone  
  37  8:15  Drone  
  37  8:19  Drone  
  35  8:23  Drone  
  35  8:24  Roach  
  36  8:28  Drone  
  36  8:32  Drone  
  33  8:36  Drone, Overseer  
  33  8:41  Drone  
Show
View Real Time Build Order
Export as new Build Order

Dystopia Protoss - Winner!

Build Orders: Zealot Archon 

Get SALT Encoding   

  12  0:00  Probe  
  13  0:13  Probe  
  14  0:19  Pylon  
  14  0:25  Probe  
  15  0:37  Probe (Chrono Boost)  
  15  0:38  Gateway  
  16  0:47  Probe (Chrono Boost)  
  16  0:49  Assimilator  
  17  0:52  Probe (Chrono Boost)  
  18  0:58  Assimilator  
  18  1:03  Probe (Chrono Boost)  
  19  1:13  Probe (Chrono Boost)  
  19  1:15  Gateway  
  20  1:20  Probe  
  21  1:28  Cybernetics Core  
  21  1:32  Probe  
  22  1:37  Pylon  
  22  1:44  Probe  
  23  1:56  Probe  
  24  2:04  Stalker  
  24  2:05  Stalker, Warp Gate (Chrono Boost)  
  24  2:08  Probe  
  29  2:15  Pylon  
  29  2:34  Stalker  
  29  2:35  Stalker  
  33  2:58  Nexus  
  33  3:04  Shield Battery  
  33  3:05  Sentry  
  35  3:09  Sentry  
  37  3:18  Robotics Facility  
  37  3:23  Probe  
  37  3:26  Pylon  
  38  3:35  Probe  
  39  3:46  Sentry  
  39  3:48  Probe  
  42  3:49  Stalker  
  44  4:00  Probe (Chrono Boost)  
  45  4:09  Immortal (Chrono Boost)  
  49  4:10  Probe (Chrono Boost)  
  49  4:12  Probe (Chrono Boost)  
  51  4:19  Probe (Chrono Boost)  
  51  4:20  Probe (Chrono Boost)  
  53  4:24  Probe (Chrono Boost)  
  53  4:26  Probe  
  53  4:30  Pylon  
  55  4:33  Stalker  
  55  4:36  Probe  
  59  4:38  Probe  
  59  4:43  Stalker  
  59  4:45  Observer (Chrono Boost)  
  62  4:48  Probe  
  62  4:51  Probe  
  64  4:57  Gateway  
  64  4:59  Gateway  
  64  5:01  Probe  
  65  5:10  Probe, Twilight Council  
  65  5:13  Probe  
  67  5:16  Forge  
  67  5:20  Assimilator  
  67  5:22  Pylon  
  67  5:23  Assimilator  
  67  5:31  Stalker  
  67  5:35  Protoss Ground Weapons Level 1 (Chrono Boost)  
  69  5:37  Immortal (Chrono Boost)  
  69  5:39  Pylon  
  73  5:47  Probe x2  
  75  5:50  Charge  
  75  6:00  Probe x2  
  77  6:04  Gateway  
  77  6:06  Gateway  
  77  6:16  Gateway  
  77  6:18  Gateway  
  77  6:23  Templar Archives  
  77  6:27  Warp Prism (Chrono Boost)  
  79  6:34  Pylon  
  79  6:39  Zealot  
  81  6:40  Zealot  
  81  6:46  Pylon  
  83  7:00  High Templar x2  
  87  7:02  Zealot x3  
  87  7:04  Archon  
  93  7:14  Nexus  
  93  7:19  High Templar x2  
  93  7:20  Probe x2  
  99  7:23  Archon  
  99  7:32  Photon Cannon  
  99  7:37  Zealot  
  101  7:41  Pylon  
  101  7:42  Pylon  
  101  7:50  Pylon, Probe  
  102  7:59  Probe  
  102  8:02  Probe  
  102  8:03  Gateway  
  102  8:05  Gateway  
  104  8:09  Zealot x2  
  104  8:11  Probe  
  104  8:12  Zealot  
  109  8:15  Probe  
  109  8:19  Pylon  
  108  8:23  Probe  
  109  8:29  Probe x2  
  109  8:32  High Templar x2  
  109  8:33  Zealot  
  117  8:34  Zealot  
  117  8:35  Probe  
  117  8:37  Archon  
Tags
 
Composition
Zealot Archon
League
Master
Matchup
PvZ
Opening
Pool First
Spawn Locations
Cross Positions
Add a new tag
Caveats
  • Supply blocks, unpowered buildings, or Contaminate may cause inaccurate times.
  • Supply counts are checked every 10 seconds.